Map: King Sejong Station LE

Players

Nickos

  • Race: Terran Terran
  • League: Gold

bbaekdo - Winner!

  • Race: Zerg Zerg
  • League: Gold

VOD

Have the link to the VOD?

Description

Time

  • Played on: Sept. 27, 2016, 12:31 a.m.
  • Length: 14:20
Show
View Real Time Build Order
Export as new Build Order

Nickos Terran 

Build Orders:  

Get SALT Encoding   

  12  0:01  SCV  
  13  0:13  SCV  
  14  0:18  Supply Depot  
  14  0:25  SCV  
  15  0:40  SCV  
  15  0:41  Barracks  
  16  0:52  SCV  
  17  1:04  SCV  
  18  1:16  SCV  
  19  1:21  Command Center  
  19  1:30  Orbital Command  
  19  1:36  Marine  
  20  1:44  Barracks  
  20  1:52  Supply Depot  
  20  2:03  SCV  
  20  2:04  Bunker  
  21  2:11  Marine  
  21  2:15  SCV  
  23  2:27  Barracks  
  23  2:28  SCV  
  23  2:29  Marine  
  25  2:33  Marine  
  25  2:36  Orbital Command  
  26  2:40  SCV  
  27  2:52  SCV  
  27  2:58  Marine x2  
  27  3:03  Refinery  
  27  3:04  Refinery, SCV  
  30  3:08  SCV  
  31  3:16  SCV  
  32  3:20  SCV  
  32  3:26  Marine x2  
  35  3:28  SCV  
  35  3:32  SCV  
  37  3:50  Barracks Tech Lab  
  37  3:52  Barracks Reactor  
  37  3:53  Barracks Reactor  
  37  3:56  SCV x2  
  39  4:03  Supply Depot  
  39  4:04  Supply Depot  
  39  4:08  SCV x2  
  41  4:13  Factory  
  41  4:17  Barracks  
  41  4:20  Barracks, SCV  
  41  4:21  Barracks  
  42  4:27  Stimpack  
  42  4:28  SCV  
  42  4:30  Marine  
  42  4:31  Marine x4  
  45  4:32  SCV  
  49  4:40  SCV  
  49  4:43  Supply Depot  
  49  4:45  SCV  
  51  4:51  Supply Depot  
  52  4:52  SCV  
  52  4:57  SCV, Marine x4  
  52  4:58  Marauder  
  59  5:01  Factory Reactor  
  59  5:02  Starport  
  59  5:05  SCV  
  60  5:09  Barracks Tech Lab, SCV  
  60  5:10  Barracks Tech Lab  
  61  5:17  SCV  
  61  5:21  SCV  
  61  5:26  Marine x4  
  61  5:28  Barracks Tech Lab  
  66  5:29  SCV, Marauder x3  
  66  5:32  Refinery  
  73  5:37  Command Center  
  73  5:39  Supply Depot  
  73  5:42  Supply Depot  
  73  5:43  SCV  
  73  5:44  SCV  
  75  5:51  Marine  
  75  5:53  Refinery  
  75  5:55  SCV  
  77  6:01  Supply Depot, Marine x3  
  80  6:05  Supply Depot  
  80  6:14  SCV x2  
  80  6:15  Marauder x2  
  80  6:16  Marauder  
  88  6:18  Medivac  
  88  6:22  Medivac  
  92  6:27  SCV x2  
  94  6:38  Marauder  
  94  6:39  Marauder  
  98  6:45  SCV x2  
  100  6:48  Medivac  
  100  6:52  Medivac  
  100  6:53  Marine x4  
  108  6:54  Marauder  
  108  6:55  Marauder  
  108  6:59  Supply Depot  
  112  7:03  Supply Depot  
  108  7:22  Marauder x3  
  109  7:23  Marine x2, Marauder  
  111  7:34  Marine x2  
  113  7:39  Orbital Command  
  113  7:43  Marauder  
  113  7:44  Marauder x3  
  121  7:52  Marine  
  121  7:53  Marine  
  121  7:56  Medivac  
  125  8:00  SCV x2  
  125  8:05  Marauder x3  
  107  8:21  Marine x5  
  107  8:26  Marauder, Marine  
  107  8:27  Marauder  
  108  8:38  Medivac x2, Marine  
  108  8:39  Marine  
  108  8:40  Marauder  
  116  8:42  Marine  
  116  8:43  Marine  
  116  8:44  Marauder  
  116  8:46  SCV  
  116  8:47  Marine x2, SCV  
  116  8:48  Supply Depot  
  124  9:01  Marauder  
  126  9:05  Marauder  
  126  9:06  Marauder x2  
  126  9:08  Medivac x2, Marine  
  126  9:09  Marine x3  
  140  9:23  Marauder  
  142  9:26  Marine x3  
  142  9:27  Marauder x2  
  149  9:38  Medivac  
  134  9:39  Marine x2  
  134  9:44  Marine x3, Marauder  
  130  9:46  Medivac  
  130  9:48  Marine x2  
  133  9:57  Marine x2  
  127  10:02  Marine x3  
  127  10:05  Marine  
  127  10:06  Marine x2  
  124  10:08  Medivac  
  126  10:15  Marine x2  
  126  10:20  Marine x3  
  131  10:23  Marine x2  
  131  10:24  Marine  
  131  10:25  Liberator x2  
  134  10:32  Marine  
  134  10:33  Marine  
  134  10:34  Engineering Bay  
  136  10:36  Engineering Bay  
  136  10:38  Armory, Marauder  
  136  10:40  Marine x2  
  136  10:41  Marauder  
  136  10:42  Command Center, Marauder x2  
  152  10:59  Marauder  
  152  11:00  Marine x3  
  157  11:36  Liberator x2  
  157  11:46  Marine  
  157  11:47  Marine  
  157  11:48  Marine x2  
  157  11:49  Marauder x3  
  157  11:54  Terran Infantry Weapons Level 1, Marauder  
  165  11:56  Terran Infantry Armor Level 1  
  165  12:00  Planetary Fortress  
  165  12:04  Marine  
  165  12:05  Supply Depot, Marine  
  165  12:06  Marine x2  
  165  12:07  Supply Depot  
  169  12:08  Supply Depot  
  169  12:10  Marauder x3  
  169  12:15  Marauder  
  177  12:19  Liberator x2  
  177  12:21  Marine  
  178  12:23  Marine, SCV x3  
  178  12:24  Marine  
  183  12:31  Marauder x3  
  183  12:36  Marauder  
  160  12:51  Marine x2  
  160  12:52  Marine x5  
  160  12:57  Marine  
  140  13:02  Liberator  
  129  13:09  Marine x3, SCV x2  
  129  13:10  Marine x4  
  138  13:15  Marine  
  140  13:27  Marine x4  
  140  13:28  Marine x2  
  130  13:37  Marine  
  130  13:38  Marine  
  110  13:45  Marine x4  
  110  13:46  Marine x2  
  110  13:55  Marine x2  
Show
View Real Time Build Order
Export as new Build Order

bbaekdo Zerg - Winner!

Build Orders: Pool First 

Get SALT Encoding   

  12  0:08  Drone  
  12  0:13  Overlord  
  13  0:28  Drone  
  14  0:32  Drone x2  
  16  0:48  Drone, Spawning Pool  
  16  0:52  Drone  
  17  1:12  Hatchery  
  17  1:17  Drone  
  17  1:19  Extractor  
  17  1:21  Drone  
  17  1:39  Drone x2  
  19  1:46  Overlord  
  19  1:50  Queen  
  21  1:57  Zergling x2  
  22  2:07  Zergling x2  
  23  2:26  Queen, Drone x2  
  27  2:30  Queen  
  29  2:39  Drone  
  29  2:44  Roach Warren  
  29  2:46  Drone x2, Extractor  
  29  2:50  Drone  
  31  3:02  Drone x2  
  31  3:03  Drone x2  
  35  3:11  Drone  
  36  3:13  Overlord  
  36  3:15  Overlord  
  36  3:21  Metabolic Boost  
  36  3:25  Lair  
  36  3:31  Drone  
  36  3:32  Drone  
  38  3:35  Drone  
  38  3:41  Drone x3  
  42  3:52  Overlord  
  42  3:54  Drone  
  42  3:55  Drone x3  
  46  4:02  Spine Crawler  
  45  4:16  Spine Crawler  
  44  4:19  Drone x3, Spine Crawler  
  44  4:21  Drone x2  
  44  4:24  Roach x2  
  52  4:28  Glial Reconstitution  
  52  4:32  Evolution Chamber  
  52  4:33  Drone  
  52  4:35  Evolution Chamber  
  52  4:36  Drone  
  52  4:40  Extractor  
  52  4:41  Overlord  
  52  4:42  Extractor  
  50  4:46  Drone  
  50  4:47  Drone  
  52  4:58  Overlord  
  52  5:02  Zerg Missile Weapons Level 1, Zerg Ground Armor Level 1  
  52  5:08  Infestation Pit  
  51  5:18  Hatchery  
  51  5:19  Overlord x2  
  50  5:24  Roach x2  
  50  5:26  Drone  
  55  5:29  Roach  
  55  5:32  Roach  
  59  5:39  Roach x3  
  65  5:49  Drone  
  66  6:03  Ravager x2  
  66  6:04  Ravager x3  
  70  6:06  Roach  
  70  6:08  Roach  
  75  6:11  Overlord x2  
  75  6:13  Drone x4  
  79  6:28  Hive  
  79  6:42  Drone x5  
  79  6:43  Drone x4  
  79  6:46  Extractor  
  87  6:47  Infestor, Extractor  
  87  6:50  Roach  
  87  6:51  Roach  
  92  7:02  Roach x2  
  92  7:03  Roach x2  
  98  7:22  Roach  
  98  7:23  Roach x4  
  106  7:36  Overlord x3  
  106  7:37  Overseer  
  106  7:38  Overseer  
  106  7:50  Overlord x2  
  106  7:54  Zerg Missile Weapons Level 2  
  106  7:59  Zerg Ground Armor Level 2  
  106  8:04  Drone x4  
  102  8:12  Roach x3  
  104  8:13  Roach x4  
  87  8:29  Infestor  
  89  8:39  Pneumatized Carapace  
  89  8:45  Hatchery  
  89  8:48  Roach x5  
  96  8:53  Ravager x2  
  100  8:57  Roach x3  
  106  9:12  Ultralisk Cavern  
  105  9:21  Queen  
  105  9:35  Roach x3  
  105  9:36  Roach x6  
  105  9:44  Roach  
  105  9:45  Roach x6  
  97  9:52  Roach  
  91  9:53  Roach x5  
  91  9:58  Roach  
  91  9:59  Roach x2  
  107  10:05  Roach  
  103  10:14  Roach x3  
  109  10:17  Roach x5  
  109  10:18  Zergling x2  
  109  10:21  Queen  
  122  10:45  Roach, Infestor x2  
  122  10:47  Roach x4  
  122  10:49  Ravager  
  136  10:53  Zergling x22  
  147  10:58  Baneling Nest  
  147  11:03  Ravager x2  
  148  11:04  Ravager  
  149  11:15  Zergling x6  
  151  11:52  Overlord  
  151  11:53  Overlord x4  
  151  11:55  Overlord x2  
  151  12:15  Ultralisk x2  
  163  12:16  Ultralisk  
  163  12:18  Zergling x18  
  163  12:19  Zergling x2  
  163  12:20  Zergling x10  
  184  12:30  Roach  
  184  12:31  Roach x2  
  190  12:48  Baneling  
  190  12:49  Baneling  
  160  13:09  Roach  
  160  13:10  Roach x7  
  160  13:12  Roach x3  
  182  13:15  Zergling x12  
  182  13:16  Roach  
  182  13:17  Roach x4  
  163  13:41  Ravager x4  
  163  13:42  Ravager  
  163  13:43  Ravager x7  
  163  13:44  Ravager  
  163  13:46  Roach  
  163  13:47  Zergling x2  
  163  13:48  Zergling x22  
Tags
 
Add a new tag
Caveats
  • Supply blocks, unpowered buildings, or Contaminate may cause inaccurate times.
  • Supply counts are checked every 10 seconds.